 Dungeon Crawl Stone Soup version 0.20.1-1-g8b1a95d (webtiles) character file.

308 pstr the Conjurer (level 6, -3/32 HPs)
             Began as a Kobold Conjurer on Nov 29, 2017.
             Slain by an iguana (12 damage)
             ... on level 4 of the Dungeon.
             The game lasted 00:12:27 (4592 turns).

pstr the Conjurer (Kobold Conjurer)                 Turns: 4592, Time: 00:12:28

Health: -3/32      AC:  2    Str:  5    XL:     6   Next: 68%
Magic:  4/12       EV: 14    Int: 18    God:
Gold:   144        SH:  0    Dex: 16    Spells: 10/13 levels left

rFire    . . .     SeeInvis .   (weapon restricted)
rCold    + + .     Gourm    .   (shield restricted)
rNeg     . . .     Faith    .   x - +2 leather armour {rC+}
rPois    .         Spirit   .   (no helmet)
rElec    .         Reflect  .   (no cloak)
rCorr    .         Harm     .   p - +1 pair of gloves
MR       .....                  (no boots)
Stlth    ++........             (no amulet)
Regen    0.1/turn               s - ring of protection from cold
MPRegen  0.2/turn               h - -5 ring of protection (curse)

@: no status effects
A: carnivore 3
a: no special abilities


You were on level 4 of the Dungeon.
You were completely stuffed.

You visited 1 branch of the dungeon, and saw 4 of its levels.

You collected 144 gold pieces.

Inventory:

Missiles
 d - 112 stones (quivered)
Armour
 a - a +0 robe
 p - a +1 pair of gloves (worn)
 x - a +2 leather armour of cold resistance (worn)
Jewellery
 g - an uncursed ring of see invisible
 h - a cursed -5 ring of protection (right hand)
 s - a ring of protection from cold (left hand)
Scrolls
 e - 5 scrolls of recharging {unknown}
 k - 2 scrolls of enchant weapon {unknown}
 l - a scroll of amnesia {unknown}
 m - a scroll of enchant armour {unknown}
 r - 5 scrolls of identify {unknown}
 t - a scroll of noise {unknown}
 u - 2 scrolls of teleportation {unknown}
 v - a scroll of immolation {unknown}
 w - a scroll of remove curse {unknown}
Potions
 f - a potion of lignification {unknown}
 i - 3 potions of brilliance {unknown}
 j - 3 potions of curing {unknown}
 n - a potion of might {unknown}
 o - 2 potions of flight {unknown}
 q - a potion of invisibility {unknown}
 z - a potion of mutation {unknown}
Books
 b - a book of Conjurations

   Spells                             Type                      Level
   a - Magic Dart                     Conjuration                  1
   b - Searing Ray                    Conjuration                  2
   c - Dazzling Spray                 Conjuration/Hexes            3
   d - Fulminant Prism                Conjuration/Hexes            4
   e - Force Lance                    Conjuration/Translocation    4
   f - Iskenderun's Mystic Blast      Conjuration                  4
Comestibles
 c - 4 meat rations


   Skills:
 + Level 2.8 Dodging
 + Level 3.5 Stealth
 + Level 0.6 Unarmed Combat
 + Level 4.2 Spellcasting
 + Level 6.0 Conjurations


You had 10 spell levels left.
You knew the following spells:

 Your Spells              Type           Power        Failure   Level  Hunger
a - Magic Dart            Conj           ####         1%          1    None
b - Searing Ray           Conj           ####..       3%          2    ##.....


Dungeon Overview and Level Annotations

Branches:
Dungeon (4/15)
 Temple: D:4-7

Altars:


Innate Abilities, Weirdness & Mutations

You are small and have problems with some larger weapons.
You are carnivorous and can eat meat at any time.


Message History

The searing ray hits the iguana.
The iguana is lightly wounded.
The searing ray hits the adder.
You kill the adder!
The iguana bites you!
You finish channeling your searing ray.
The iguana misses you.
Casting: Searing Ray
Confirm with . or Enter, or press ? or * to list all spells.
Aiming: Searing Ray
Press: ? - help, Shift-Dir - straight line, f/p - iguana
Aim: an iguana (lightly wounded)
The searing ray hits the iguana.
The iguana is heavily wounded. (Press . to maintain the ray.)
The iguana bites you!
* * * LOW HITPOINT WARNING * * *
The searing ray hits the iguana.
The iguana is heavily wounded.
The iguana bites you!
You die...

.[......#..##.#
..)...........# ....
...[..........# ...?
........).....# .....
..............#####.....
......).................
.....)#.................
..(...#......>...l......
......####......@†.....#
......# #.............#
......# #.............#
####### #......%......#
#.............#
#.....).......#
#.............#
#.............#


You could see an iguana.

Vanquished Creatures
  An ogre (D:4)
  An orc priest (D:4)
  An orc wizard (D:3)
  A worker ant (D:3)
  A gnoll (D:1)
  5 adders
  6 worms
  A dart slug (D:2)
  A leopard gecko (D:2)
  6 orcs
  6 bats
  4 giant cockroaches
  5 goblins
  4 hobgoblins
  A ball python (D:2)
  5 frilled lizards
  6 kobolds
  8 rats
63 creatures vanquished.

Notes
Turn   | Place    | Note
-------+----------+-------------------------------------------
     0 | D:1      | pstr the Kobold Conjurer began the quest for the Orb.
     0 | D:1      | Reached XP level 1. HP: 10/10 MP: 3/3
   520 | D:1      | Reached XP level 2. HP: 15/15 MP: 1/5
   794 | D:1      | Learned a level 2 spell: Searing Ray
   899 | D:1      | Reached XP level 3. HP: 19/19 MP: 1/6
  2103 | D:2      | Reached XP level 4. HP: 24/24 MP: 4/7
  2204 | D:2      | Reached skill level 5 in Conjurations
  2863 | D:3      | Reached XP level 5. HP: 28/28 MP: 6/9
  4183 | D:4      | Noticed an ogre
  4192 | D:4      | Killed an ogre
  4192 | D:4      | Reached skill level 6 in Conjurations
  4192 | D:4      | Reached XP level 6. HP: 8/32 MP: 2/12
  4592 | D:4      | Slain by an iguana

Skill      XL: |  1  2  3  4  5 |
---------------+----------------+-----
Conjurations   | 5 6 |  6.0
Stealth        | 3 |  3.5
Spellcasting   | 3 4 |  4.2
Dodging        | |  2.8
Unarmed Combat | |  0.6

Action                   |  1- 3 |  4- 6 || total
-------------------------+-------+-------++-------
Melee: Unarmed           |    20 |       ||    20
 Cast: Magic Dart        |    50 |    48 ||    98
       Searing Ray       |     8 |    20 ||    28
  Eat: Chunk             |     7 |    14 ||    21
Armor: Robe              |     3 |     3 ||     6
Dodge: Dodged            |    24 |    16 ||    40
